 Dungeon Crawl Stone Soup version 0.29-a0-362-g5854e031c7 (webtiles) character file.

Game seed: 15202195318562699519

68026 spiderkeys the Warrior (level 15, 0/163 (170) HPs)
             Began as an Ogre Abyssal Knight on Apr 29, 2022.
             Was the Champion of Lugonu.
             Slain by a soul eater (1 damage)
             ... summoned by an orc high priest
             ... on level 1 of the Orcish Mines.
             The game lasted 00:45:22 (26570 turns).

spiderkeys the Warrior (Ogre Abyssal Knight)       Turns: 26570, Time: 00:45:22

HP:   0/163 (170)   AC: 15    Str: 27    XL:     15   Next: 25%
MP:   22/22         EV: 10    Int: 17    God:    Lugonu [******]
Gold: 2080          SH:  7    Dex:  9    Spells: 1/24 levels left

rFire   . . .      SeeInvis +   a - +7 broad axe (freeze)
rCold   . . .      Faith    .   c - +0 kite shield
rNeg    . . .      Spirit   .   j - quicksilver dragon scales {rare}
rPois   .          Reflect  .   U - +0 hat {SInv}
rElec   .          Harm     .   r - +0 cloak {rCorr}
rCorr   +          Rampage  .   (gloves unavailable)
Will    ++...                   (boots unavailable)
Stlth   ..........              g - amulet of regeneration
HPRegen 1.17/turn               S - +6 ring of strength
MPRegen 0.18/turn               o - +4 ring of protection

@: studying Ice Magic, lightly drained
A: large, unfitting armour, tough skin 1
a: Renounce Religion, Depart the Abyss, Bend Space, Banish, Corrupt, Enter the
Abyss, Brand Weapon With Distortion


You were on level 1 of the Orcish Mines.
You worshipped Lugonu.
Lugonu was exalted by your worship.
You visited 3 branches of the dungeon, and saw 20 of its levels.
You visited the Abyss 1 time.
You also visited: Sewer and Gauntlet.

You collected 2080 gold pieces.


Innate Abilities, Weirdness & Mutations

You are too large for most types of armour.
You have tough skin. (AC +1)


   Skills:
 + Level 16.2 Fighting
 + Level 12.5 Axes
 - Level 11.2 Dodging
 + Level 2.8 Shields
 - Level 5.0 Spellcasting
 + Level 3.0 Conjurations
 - Level 8.0 Transmutations
 - Level 5.0 Ice Magic
 + Level 8.5 Earth Magic
 - Level 9.0 Invocations
 - Level 1.2 Evocations


You had one spell level left.
You knew the following spells:

 Your Spells              Type           Power      Damage    Failure   Level
f - Frozen Ramparts       Ice            42%        1d6       21%         3
i - Iron Shot             Conj/Erth      11%        9d3       100%        6
l - Lee's Rapid Deconstr  Erth           16%        3d11*     41%         5
o - Ozocubu's Armour      Ice            21%        N/A       21%         3
s - Statue Form           Tmut/Erth      21%        N/A       95%         6

Your spell library contained the following spells:

 Spells                   Type           Power      Damage    Failure   Level
 Foxfire                  Conj/Fire      36%        2x1d5     28%         1
 Animate Skeleton         Necr           8%         N/A       45%         1
 Pain                     Necr           16%        1d4       45%         1
 Summon Small Mammal      Summ           16%        N/A       45%         1
 Passwall                 Tmut/Erth      26%        N/A       2%          2
 Ensorcelled Hibernation  Hex/Ice        24%        N/A       28%         2
 Ice Form                 Ice/Tmut       26%        N/A       34%         4
 Ignite Poison            Fire/Tmut/Pois 13%        N/A       47%         3
 Scorch                   Fire           8%         2d5       61%         2
 Conjure Flame            Conj/Fire      9%         6-21      63%         3
 Dazzling Flash           Conj/Hex       18%        N/A       63%         3
 Leda's Liquefaction      Hex/Erth       9%         N/A       65%         4
 Hailstorm                Conj/Ice       17%        3d6       69%         4
 Call Canine Familiar     Summ           4%         N/A       83%         3
 Confusing Touch          Hex            4%         N/A       83%         3
 Gell's Gravitas          Tloc           4%         N/A       83%         3
 Inner Flame              Hex/Fire       4%         N/A       83%         3
 Swiftness                Air            4%         N/A       83%         3
 Teleport Other           Tloc           4%         N/A       83%         3
 Vampiric Draining        Necr           4%         2d6       83%         3
 Summon Ice Beast         Ice/Summ       12%        N/A       88%         4
 Flame Wave               Conj/Fire      9%         2d5       95%         4
 Yara's Violent Unravell  Hex/Tmut       8%         3d5       95%         5
 Iskenderun's Battlesphe  Conj           14%        2d7       99%         5
 Metabolic Englaciation   Hex/Ice        6%         N/A       99%         5
 Agony                    Necr           4%         N/A       100%        5
 Fireball                 Conj/Fire      4%         3d4       100%        5
 Silence                  Hex/Air        2%         N/A       100%        5
 Conjure Ball Lightning   Conj/Air       4%         3x3d6     100%        6
 Dispersal                Tloc           2%         N/A       100%        6
 Simulacrum               Ice/Necr       6%         N/A       100%        6
 Summon Cactus Giant      Summ           2%         N/A       100%        6
 Enfeeble                 Hex            2%         N/A       100%        7
 Orb of Destruction       Conj           7%         9d6       100%        7
 Spellforged Servitor     Conj/Summ      4%         N/A       100%        7
 Summon Hydra             Summ           2%         N/A       100%        7
 Borgnjor's Revivificati  Necr           2%         N/A       100%        8
 Disjunction              Tloc           2%         N/A       100%        8
 Necromutation            Tmut/Necr      8%         N/A       100%        8
 Death's Door             Necr           2%         N/A       100%        9

Inventory:

Hand Weapons
 a - a +7 broad axe of freezing (weapon)
   (You acquired it on level 5 of the Lair of Beasts)
 b - the +7 battleaxe of the Sixty-Six Queens {freeze, Will+}
   (You found it on level 10 of the Dungeon)

   It freezes those it strikes, dealing additional cold damage.
   It can also slow down cold-blooded creatures.
   Will:      It increases your willpower.
 k - the +10 war axe of Puiseret {holy, rF+}
   (You found it on level 2 of the Lair of Beasts)

   It has been blessed by the Shining One to cause great damage to the undead
   and demons.
   rF:        It protects you from fire.
Missiles
 p - 6 javelins
 q - 12 poisoned darts
 K - 2 silver javelins
 Q - a curare-tipped dart {=f}
 Z - 4 large rocks {=f}
Armour
 c - a +0 kite shield (worn)
   (You took it off a gnoll sergeant on level 10 of the Dungeon)
 j - quicksilver dragon scales (worn) {rare}
   (You found it on level 2 of the Dungeon)
 m - a +3 troll leather armour {Snorg}
   (You found it on level 1 of the Orcish Mines)
 r - a +0 cloak of preservation (worn)
   (You found it in a Gauntlet)
 U - a +0 hat of see invisible (worn)
   (You took it off Gastronok on level 3 of the Lair of Beasts)
Jewellery
 g - an amulet of regeneration (around neck)
   (You found it on level 2 of the Lair of Beasts)
 n - a ring of positive energy
   (You found it in a Gauntlet)
 o - a +4 ring of protection (right hand)
   (You found it on level 6 of the Dungeon)
 x - an amulet of magic regeneration
   (You found it in a sewer)
 L - the ring of Yrosir {Fly rC+ Will- Int+3}
   (You found it on level 6 of the Dungeon)

   [ring of protection from cold]

   Int:       It affects your intelligence (+3).
   rC:        It protects you from cold.
   Fly:       It grants you flight.
   Will:      It decreases your willpower.
 N - a ring of positive energy
   (You found it on level 1 of the Lair of Beasts)
 S - a +6 ring of strength (left hand)
   (You found it on level 5 of the Dungeon)
 W - a ring of magical power
   (You found it on level 3 of the Lair of Beasts)
Wands
 l - a wand of digging (5)
   (You took it off Maurice on level 9 of the Dungeon)
 v - a wand of acid (4)
   (You found it on level 6 of the Lair of Beasts)
 B - a wand of paralysis (1)
   (You found it on level 4 of the Lair of Beasts)
 I - a wand of flame (20)
   (You found it on level 10 of the Dungeon)
 J - a wand of iceblast (13)
   (You found it on level 6 of the Dungeon)
Scrolls
 d - 3 scrolls of blinking {!r}
 h - 5 scrolls of teleportation {@r4}
 t - a scroll of holy word
 u - 3 scrolls of magic mapping {!r}
 y - 3 scrolls of brand weapon
 z - 6 scrolls of fear
 D - 5 scrolls of amnesia
 E - 4 scrolls of vulnerability {!r!r}
 T - 4 scrolls of fog
 X - a scroll of silence {!r}
Potions
 e - 2 potions of haste {@q3}
 f - 10 potions of curing {@q1}
 i - 3 potions of might
 s - 3 potions of mutation {!q}
 w - 6 potions of resistance {unknown}
 A - 3 potions of brilliance
 F - 2 potions of cancellation {unknown}
 G - 2 potions of lignification {unknown}
 H - 6 potions of heal wounds {unknown}
 M - 6 potions of ambrosia {unknown}
 O - 2 potions of invisibility
 P - 4 potions of degeneration {unknown}
 R - 3 potions of magic
 V - 2 potions of attraction {unknown}
 Y - a potion of flight
Miscellaneous
 C - a tin of tremorstones (inert)
   (You found it in a Gauntlet)

Dungeon Overview and Level Annotations

Branches:
Dungeon (13/15)            Temple (0/1) D:6            Lair (6/6) D:11
  Swamp (0/4) Lair:3        Snake (0/4) Lair:2        Slime (0/5) Lair:5
    Orc (1/2) D:10          Sewer (visited)         Gauntlet (visited)
 Vaults: D:13-14

Altars:
Cheibriados
Fedhas
Gozag
Kikubaaqudgha
Makhleb
Okawaru
Ru
Uskayaw
Wu Jian
Xom
The Shining One

Portals:
Abyss: D:8

Annotations:
D:7 1 runed translucent door, Psyclone's ghost, novice OpIE
D:8 2 transporters, CowFu's ghost, novice DsFi
Lair:2 exclusion: oklob plant

## #.#.#.###..)......#
.###.>........###....#
.>##.........##......#
.............###....##
.............#####..#
......#......#.###.##
.....##........#4...#
....#####.....#o33.##
....####.......#@##)##
.....#.#.......###.o.#
......))......###...##
..#.........### #o.##
###.........# #o.$ #
##.......## 4oo.
#......## #..o..
####.### ...o.. #.#
....##..


You could see 2 soul eaters, an orc high priest and an ice devil (summoned).


Message History

Lugonu accepts your kill. 😕 HP[+1]
You closely miss the orc. 😕 HP[+2]
You regained 2 hp, and now have 153/170 hp.
You slice the orc wizard!! You freeze the orc wizard.
You kill the orc wizard!
Lugonu accepts your kill. 😕 HP[+1]
You hit the orc. You freeze the orc. You block the orc's attack. 😕 HP[+1]
You closely miss the soul eater.
The orc high priest calls upon Beogh to heal something.
The soul eater draws from the surrounding life force!
You slash the soul eater! You freeze the soul eater.
The soul eater barely misses you. 😕 HP[-13]
You take 13 damage, and now have 142/170 hp.
You slash the soul eater! You freeze the soul eater.
The orc high priest mumbles some strange prayers to Beogh against you.
Beogh smites you! The soul eater hits you.
You feel drained. 😮 HP[-18]
You now have 168 max hp (-2).
You take 18 damage, and now have 124/168 hp. 😮 HP[+1]
The soul eater attacks as you move away!
The soul eater hits you! 😮 HP[-14]
You take 14 damage, and now have 111/168 hp.
There are monsters nearby!
You slash the soul eater! You freeze the soul eater.
The soul eater hits you. 😮 HP[-3]
You take 3 damage, and now have 108/168 hp.
You slash the soul eater! You freeze the soul eater.
The soul eater misses you. 😮 HP[+2]
You regained 2 hp, and now have 110/168 hp.
You hit the soul eater but do no damage.
You slash the soul eater! You freeze the soul eater.
The soul eater draws from the surrounding life force!
The soul eater is healed.
The soul eater hits you.
You feel drained.
The orc high priest utters an invocation to Beogh.
You hit the soul eater. You closely miss the soul eater.
You block the soul eater's attack. x2 😮 HP[-21]
You now have 165 max hp (-3).
You take 21 damage, and now have 89/165 hp.
You hit the soul eater. You hit the orc. You freeze the orc.
You closely miss the soul eater. The soul eater hits you.
The soul eater closely misses you. You block the orc's attack.
The soul eater hits you but does no damage.
The soul eater draws from the surrounding life force!
* * * LOW HITPOINT WARNING * * *
😨 HP[-17]
You take 17 damage, and now have 72/165 hp.
You hit the soul eater. You barely miss the soul eater. You hit the orc.
You freeze the orc.
You kill the orc!
Lugonu accepts your kill. The soul eater hits you!
* * * LOW HITPOINT WARNING * * *
The soul eater misses you. 😨 HP[-15]
You take 15 damage, and now have 57/165 hp.
You slice the orc high priest!! You freeze the orc high priest.
You hit the soul eater but do no damage. x2
You block the orc high priest's attack.
The soul eater hits you but does no damage. x2 😨 HP[+1]
You slash the orc high priest! You freeze the orc high priest.
You barely miss the soul eater. You hit the soul eater.
The orc high priest hits you with a +2 vorpal dire flail!
* * * LOW HITPOINT WARNING * * *
x2 The soul eater hits you!
* * * LOW HITPOINT WARNING * * *
The soul eater draws from the surrounding life force!
* * * LOW HITPOINT WARNING * * *
The soul eater is healed. 😱 HP[-38]
You take 38 damage, and now have 20/165 hp.
MASSIVE DAMAGE!! (PAUSE)
You barely miss the orc high priest. You slash the soul eater!
You freeze the soul eater. You hit the soul eater. You freeze the soul eater.
The orc high priest hits you with a +2 vorpal dire flail.
* * * LOW HITPOINT WARNING * * *
x2 The soul eater hits you but does no damage.
The soul eater draws from the surrounding life force!
* * * LOW HITPOINT WARNING * * *
The soul eater is healed. 😱 HP[-14]
You take 14 damage, and now have 6/165 hp.
You hit the orc high priest. You freeze the orc high priest.
You slash the soul eater! You freeze the soul eater.
You hit the soul eater but do no damage.
The orc high priest completely misses you.
The soul eater hits you.
* * * LOW HITPOINT WARNING * * *
You feel drained.
You die...

Skill      XL: |  1  2  3  4  5  6  7  8  9 10 11 12 13 14 15 |
---------------+----------------------------------------------+-----
Invocations    | 3 4 5 7 8 9 |  9.0
Fighting       | 5 6 7 9 10 12 13 14 15 16 | 16.2
Axes           | 3 4 5 6 7 9 10 11 12 | 12.5
Dodging        | 3 4 5 6 7 8 9 10 11 | 11.2
Spellcasting   | 1 2 4 5 |  5.0
Evocations     | 1 |  1.2
Earth Magic    | 2 4 5 6 8 |  8.5
Ice Magic      | 3 5 |  5.0
Transmutations | 2 5 6 8 |  8.0
Conjurations   | 1 3 |  3.0
Shields        | 1 2 |  2.8

Action                   |  1- 3 |  4- 6 |  7- 9 | 10-12 | 13-15 || total
-------------------------+-------+-------+-------+-------+-------++-------
Melee: Hand axe          |    60 |    83 |       |       |       ||   143
       Punch             |       |     3 |     5 |     2 |       ||    10
       War axe           |       |   126 |   478 |   191 |    21 ||   816
       Battleaxe         |       |       |       |   195 |   532 ||   727
       Broad axe         |       |       |       |       |   168 ||   168
Throw: Dart              |       |     5 |     5 |    11 |     5 ||    26
       Large rock        |       |       |       |     6 |     8 ||    14
       Javelin           |       |       |       |       |     3 ||     3
 Cast: Frozen Ramparts   |       |       |       |     2 |     1 ||     3
Invok: Banish            |       |     1 |     1 |     4 |     8 ||    14
       Bend Space        |       |       |       |     4 |     1 ||     5
Evoke: Wand              |       |       |       |    12 |     5 ||    17
       Tin of tremorston |       |       |       |       |     2 ||     2
  Use: Potion            |     2 |       |       |     5 |     1 ||     8
       Scroll            |       |     4 |     6 |     5 |    14 ||    29
 Stab: Distracted        |       |       |       |     1 |       ||     1
       Petrified         |       |       |       |       |    11 ||    11
       Paralysed         |       |       |       |       |     2 ||     2
Armor: Robe              |    12 |       |       |       |       ||    12
       Quicksilver drago |     1 |   127 |   352 |   369 |   476 ||  1325
Dodge: Dodged            |    37 |   102 |   324 |   278 |   440 ||  1181
Block: Kite shield       |       |       |       |       |    61 ||    61

Levels and vault maps discovered:
D:1:      dpeg_arrival_round_a, layout_basic, ebering_ecumenical_altar_petrified
D:2:      layout_rooms
D:3:      minmay_inner_zag, layout_rooms, uniq_sigmund
D:4:      layout_loops_ring, nicolae_overflow_squiral,
          nicolae_overflow_hidden_temple
D:5:      layout_gridville, nicolae_uskayaw_suspiria,
          cheibrodos_sewer_entry_drain, grunt_ministairs_5
D:6:      layout_cave_pools, marbit_many_paths, nicolae_ru_awakened_eye,
          minmay_temple_entry_butterflies, minivault_10
D:7:      layout_cave_pods, ebering_ghost_reflecting_pool,
          kennysheep_generic_room_7
D:8:      layout_gridville, gammafunk_ghost_abyssal_escape
D:9:      layout_cave_pools, mainiacjoe_overflow_24_doors,
          minmay_misc_feat_square, kennysheep_small_spiral, grunt_decor_clamped,
          uniq_harold, uniq_maggie, uniq_maurice
D:10:     minmay_coctagon, layout_rooms, david_orc_3
D:11:     layout_rooms, minmay_lair_entry_grove,
          nicolae_kikubaaqudgha_miasma_corner, uniq_josephine
D:12:     layout_basic, kennysheep_generic_room_14, uniq_jorgrun
D:13:     layout_loops_corners, david_vaults_5
Lair:1:   layout_cave_shapes, basic_altar
Lair:2:   regret_index_tunnel_blossom, layout_chaotic_city, dummy_snake_entry,
          basic_altar, st_stairs_8, tgw_fedhas
Lair:3:   nzn_winding_woodlands_large [nzn_winding_woodlands_5x5_perimeter,
          nzn_winding_woodlands_5x15_crooked, nzn_winding_woodlands_5x5_three,
          nzn_winding_woodlands_center_lodge,
          nzn_winding_woodlands_15x15_thick_spiral,
          nzn_winding_woodlands_center_pierced_h,
          nzn_winding_woodlands_hourglass, nzn_winding_woodlands_5x15_twine,
          nzn_winding_woodlands_5x5_cross], layout_loops_ring,
          minmay_swamp_entry_worms, basic_altar, uniq_urug, uniq_amaemon,
          uniq_prince_ribbit2, uniq_gastronok
Lair:4:   layout_roguey, gauntlet_entry_generic
Lair:5:   layout_small_grid, nicolae_slime_entry_slimehenge,
          grunt_forest_small_clearings, serial_bayou_shore_a
Lair:6:   cheibrodos_lair_end_hotspot, layout_regular_city, uniq_nessos
Orc:1:    layout_diamond_mine, basic_altar, uniq_snorg

Notes
Turn   | Place    | Note
-------+----------+-------------------------------------------
     0 | Abyss:1  | spiderkeys the Ogre Abyssal Knight began the quest for the
                  | Orb.
     0 | Abyss:1  | Reached XP level 1. HP: 24/24 MP: 2/2
     0 | Abyss:1  | magus.rc [v1.11.3]
     9 | D:1      | You pass through the gate.
     9 | D:1      | Escaped the Abyss
   200 | D:1      | Found a faded altar of an unknown god.
   264 | D:1      | You pick up a book of the Earth and begin reading...
   264 | D:1      | You add the spells Leda's Liquefaction, Lee's Rapid
                  | Deconstruction and Statue Form to your library.
   285 | D:1      | Reached XP level 2. HP: 29/32 MP: 3/3
   636 | D:1      | Reached XP level 3. HP: 18/40 MP: 4/4
  1482 | D:2      | j - quicksilver dragon scales {rare}
  1508 | D:2      | Reached *** piety under Lugonu
  1515 | D:2      | You finish putting on your quicksilver dragon scales
                  | {rare}.
  1742 | D:2      | Reached XP level 4. HP: 49/49 MP: 4/6
  2311 | D:3      | Reached skill level 3 in Invocations
  2516 | D:3      | Noticed Sigmund
  2532 | D:3      | Killed Sigmund
  2533 | D:3      | Reached skill level 5 in Fighting
  2533 | D:3      | Reached skill level 3 in Axes
  2533 | D:3      | Reached skill level 3 in Dodging
  2533 | D:3      | Reached XP level 5. HP: 38/57 MP: 7/7
  2533 | D:3      | Reached XP level 6. HP: 45/66 MP: 8/8
  2874 | D:3      | Reached **** piety under Lugonu
  3304 | D:4      | Found a blossoming altar of Fedhas.
  3310 | D:4      | Found an opulent altar of Gozag.
  3470 | D:4      | Noticed a black bear
  3472 | D:4      | Banished a black bear
  3473 | D:4      | Reached skill level 1 in Spellcasting
  3473 | D:4      | Reached skill level 4 in Invocations
  3602 | D:4      | Found an ornate altar of the Wu Jian Council.
  3607 | D:4      | Found a glowing golden altar of the Shining One.
  4035 | D:5      | Entered Level 5 of the Dungeon
  4036 | D:5      | Found a glowing drain.
  4054 | Sewer    | Entered a sewer
  4085 | Sewer    | Reached XP level 7. HP: 74/74 MP: 10/10
  4107 | Sewer    | Reached skill level 6 in Fighting
  4217 | Sewer    | Reached ***** piety under Lugonu
  4229 | Sewer    | Reached skill level 4 in Axes
  4337 | Sewer    | Reached skill level 4 in Dodging
  4337 | Sewer    | Reached skill level 2 in Spellcasting
  4488 | Sewer    | You pick up a book of Necromancy and begin reading...
  4488 | Sewer    | You add the spells Pain, Animate Skeleton and Vampiric
                  | Draining to your library.
  4494 | Sewer    | You add the spells Yara's Violent Unravelling and Metabolic
                  | Englaciation to your library.
  4494 | Sewer    | Got the Compendium of Enchantment
  5004 | D:5      | Found a hide-covered altar of Uskayaw.
  5007 | D:5      | You fall into a shaft and drop 3 floors!
  5063 | D:6      | Found a staircase to the Ecumenical Temple.
  5511 | D:5      | Reached XP level 8. HP: 39/84 MP: 10/12
  5515 | D:5      | HP: 21/84 [orc priest/+0 trident (2)]
  5520 | D:5      | HP: 3/84 [orc priest/divine providence (16)]
  5893 | D:5      | Reached skill level 3 in Spellcasting
  5893 | D:5      | Reached skill level 5 in Invocations
  6055 | D:5      | Reached skill level 7 in Fighting
  6413 | D:5      | You pick up a book of Rime and begin reading...
  6413 | D:5      | You add the spells Frozen Ramparts, Ice Form and Summon Ice
                  | Beast to your library.
  6598 | D:6      | Found a sacrificial altar of Ru.
  6711 | D:6      | Reached skill level 5 in Axes
  6837 | D:6      | You pick up a book of the Senses and begin reading...
  6837 | D:6      | You add the spells Dazzling Flash, Agony and Silence to
                  | your library.
  6847 | D:6      | You pick up a book of Scorching and begin reading...
  6847 | D:6      | You add the spells Scorch, Flame Wave and Summon Cactus
                  | Giant to your library.
  6850 | D:6      | Identified the ring of Yrosir {Fly rC+ Will- Int+3}
  7215 | D:6      | Found a snail-covered altar of Cheibriados.
  7419 | D:7      | Reached skill level 5 in Dodging
  7431 | D:7      | Reached skill level 4 in Spellcasting
  7567 | D:7      | Reached XP level 9. HP: 94/96 MP: 15/15
  7614 | D:7      | Reached skill level 8 in Fighting
  7614 | D:7      | Reached skill level 6 in Invocations
  7947 | D:7      | You pick up a book of Flames and begin reading...
  7947 | D:7      | You add the spells Foxfire, Conjure Flame and Inner Flame
                  | to your library.
  8105 | D:7      | Found the +1 Delatra's gloves {ID++}
  8564 | D:7      | Found a runed translucent door.
  8564 | D:7      | Noticed Psyclone's ghost (novice OpIE)
  8673 | D:6      | Reached skill level 6 in Axes
  8673 | D:6      | Reached skill level 5 in Spellcasting
  9175 | D:7      | Reached skill level 6 in Dodging
  9487 | D:8      | Reached skill level 9 in Fighting
  9487 | D:8      | Reached skill level 7 in Invocations
  9589 | D:8      | Found a transporter.
  9626 | D:8      | Found a transporter.
  9682 | D:8      | Identified the +5 short sword "Pabbogao" {flame, rC-
                  | Will++}
  9775 | D:8      | Reached XP level 10. HP: 98/107 MP: 17/17
  9891 | D:8      | Noticed a four-headed hydra
  9892 | D:8      | Banished a four-headed hydra
  9893 | D:8      | Reached skill level 7 in Axes
  9893 | D:8      | Reached skill level 1 in Evocations
  9900 | D:8      | Learned a level 6 spell: Statue Form
  9915 | D:8      | HP: 26/109 [gnoll/+0 halberd (6)]
  9918 | D:8      | HP: 8/109 [gnoll/+0 halberd (8)]
 10288 | D:8      | Noticed CowFu's ghost (novice DsFi)
 10298 | D:8      | Found a one-way gate to the infinite horrors of the Abyss.
 10586 | D:8      | Noticed a toenail golem
 10783 | D:9      | Reached skill level 1 in Earth Magic
 10783 | D:9      | Paralysed by a hornet for 3 turns
 10791 | D:9      | HP: 23/108 [wyvern (13)]
 10794 | D:9      | Reached skill level 10 in Fighting
 10796 | D:9      | HP: 21/110 [gnoll/+0 whip (2)]
 11144 | D:9      | Identified the +2 leather armour "Wom Qogg" {rElec Dex+4}
 11220 | D:9      | Noticed Maggie
 11237 | D:9      | Killed Maggie
 11238 | D:9      | Reached skill level 8 in Invocations
 11248 | D:9      | Noticed Harold
 11262 | D:9      | Reached skill level 2 in Earth Magic
 11265 | D:9      | Found an iron altar of Okawaru.
 11269 | D:9      | Killed Harold
 11270 | D:9      | Reached skill level 7 in Dodging
 11504 | D:9      | Reached XP level 11. HP: 101/119 MP: 18/18
 11508 | D:9      | Reached skill level 3 in Earth Magic
 11513 | D:9      | Reached skill level 8 in Axes
 11643 | D:9      | Noticed Maurice
 11659 | D:9      | Killed Maurice
 11859 | D:9      | Reached skill level 11 in Fighting
 12251 | D:10     | Entered Level 10 of the Dungeon
 12577 | D:10     | Reached skill level 9 in Invocations
 12856 | D:10     | Reached skill level 4 in Earth Magic
 12987 | D:10     | You pick up a book of Rime and begin reading...
 12989 | D:10     | Got the +7 battleaxe of the Sixty-Six Queens {freeze,
                  | Will+}
 12993 | D:10     | You pick up a book of Winter and begin reading...
 12993 | D:10     | You add the spells Ozocubu's Armour and Simulacrum to your
                  | library.
 13045 | D:10     | Reached skill level 1 in Ice Magic
 13250 | D:10     | Noticed a cyclops
 13257 | D:10     | Killed a cyclops
 13258 | D:10     | Reached skill level 8 in Dodging
 13258 | D:10     | Reached skill level 1 in Transmutations
 13263 | D:10     | Reached skill level 2 in Ice Magic
 13498 | D:10     | You pick up a book of Misfortune and begin reading...
 13498 | D:10     | You add the spells Confusing Touch and Enfeeble to your
                  | library.
 14020 | D:10     | Found a staircase to the Orcish Mines.
 14223 | D:11     | Reached skill level 2 in Transmutations
 14223 | D:11     | Reached skill level 3 in Ice Magic
 14251 | D:11     | Reached skill level 9 in Axes
 14255 | D:11     | Learned a level 3 spell: Frozen Ramparts
 14259 | D:11     | Learned a level 3 spell: Ozocubu's Armour
 14450 | D:11     | Noticed Josephine
 14462 | D:11     | Killed Josephine
 14463 | D:11     | Reached skill level 12 in Fighting
 14463 | D:11     | Reached XP level 12. HP: 122/132 MP: 12/19
 14466 | D:11     | Reached skill level 4 in Ice Magic
 14556 | D:11     | Reached skill level 3 in Transmutations
 14568 | D:11     | Noticed a boulder beetle
 14571 | D:11     | Banished a boulder beetle
 14977 | D:11     | Reached skill level 5 in Ice Magic
 14977 | D:11     | Found a staircase to the Lair.
 15093 | D:11     | Found an ancient bone altar of Kikubaaqudgha.
 15097 | D:11     | You pick up a book of Burglary and begin reading...
 15097 | D:11     | You add the spells Passwall, Ensorcelled Hibernation and
                  | Swiftness to your library.
 15444 | D:12     | Reached ****** piety under Lugonu
 15483 | D:12     | Reached skill level 9 in Dodging
 15483 | D:12     | Reached skill level 4 in Transmutations
 15838 | D:12     | Learned a level 5 spell: Lee's Rapid Deconstruction
 15870 | D:12     | Noticed a two-headed ogre
 15874 | D:12     | Killed a two-headed ogre
 15975 | D:12     | HP: 33/133 [yaktaur (8)]
 15981 | D:12     | HP: 15/133 [something (2)]
 15982 | D:12     | Reached skill level 13 in Fighting
 16025 | D:12     | HP: 27/136 [centaur/+0 short sword (3)]
 16030 | D:12     | Reached skill level 10 in Axes
 16603 | D:12     | Noticed Jorgrun
 16609 | D:12     | HP: 31/136 [constriction (17)]
 16989 | D:12     | HP: 27/136 [Jorgrun/+0 vorpal quarterstaff (18)]
 16990 | D:12     | Killed Jorgrun
 17207 | D:12     | Noticed a two-headed ogre
 17212 | D:12     | Killed a two-headed ogre
 17703 | D:13     | Reached skill level 5 in Earth Magic
 17710 | D:13     | HP: 26/136 [gargoyle/stone arrow (22)]
 17713 | D:13     | Reached skill level 5 in Transmutations
 17713 | D:13     | Reached XP level 13. HP: 28/144 MP: 20/20
 18091 | Lair:1   | Entered Level 1 of the Lair of Beasts
 18108 | Lair:1   | You pick up a book of the Senses and begin reading...
 18223 | Lair:1   | Found an ancient bone altar of Kikubaaqudgha.
 19294 | Lair:2   | Found a blossoming altar of Fedhas.
 19483 | Lair:2   | Reached skill level 14 in Fighting
 19562 | Lair:2   | Identified the +6 hand crossbow of Trauma {venom, rPois rC+
                  | Dex+3}
 19581 | Lair:2   | Identified the +10 war axe of Puiseret {holy, rF+}
 19658 | Lair:2   | Reached skill level 10 in Dodging
 19665 | Lair:2   | Reached skill level 6 in Earth Magic
 19730 | Lair:2   | Reached skill level 6 in Transmutations
 19861 | Lair:2   | Found a staircase to the Snake Pit.
 20095 | Lair:2   | Found a shimmering altar of Xom.
 20104 | Lair:2   | You add the spells Gell's Gravitas, Teleport Other and
                  | Dispersal to your library.
 20407 | Lair:2   | Reached skill level 11 in Axes
 20415 | Lair:3   | Found a shimmering altar of Xom.
 20416 | Lair:3   | Noticed Amaemon
 20627 | Lair:3   | You add the spells Borgnjor's Revivification, Necromutation
                  | and Death's Door to your library.
 20638 | Lair:3   | Killed Amaemon
 20642 | Lair:3   | HP: 36/148 [orange demon[Amaemon] (4)]
 20647 | Lair:3   | HP: 34/148 [poisoned by orange demon (concentrated venom)]
 20802 | Lair:3   | Noticed Gastronok
 20812 | Lair:3   | Killed Gastronok
 20987 | Lair:3   | Noticed Urug
 20997 | Lair:3   | Killed Urug
 21067 | Lair:3   | Noticed Prince Ribbit
 21078 | Lair:3   | Killed Prince Ribbit
 21171 | Lair:3   | Reached XP level 14. HP: 143/157 MP: 21/21
 21263 | Lair:3   | Reached skill level 7 in Earth Magic
 21391 | Lair:3   | Reached skill level 7 in Transmutations
 21423 | Lair:3   | Reached skill level 15 in Fighting
 21538 | Lair:3   | You add the spells Ignite Poison and Call Canine Familiar
                  | to your library.
 21538 | Lair:3   | Got Kozag's Volume of Vitriolic Illusion
 22017 | Lair:3   | Found a staircase to the Swamp.
 22411 | Lair:4   | Reached skill level 11 in Dodging
 22422 | Lair:4   | Found a gate leading to a gauntlet.
 22434 | Gauntlet | Entered a Gauntlet
 22434 | Gauntlet | Found a transporter.
 22434 | Gauntlet | Found a transporter.
 22434 | Gauntlet | Found a transporter.
 22455 | Gauntlet | Found a transporter.
 22465 | Gauntlet | Found a transporter.
 22470 | Gauntlet | Found a transporter.
 22480 | Gauntlet | Found a transporter.
 22496 | Gauntlet | Found a runed translucent door.
 22497 | Gauntlet | Found a transporter.
 22498 | Gauntlet | Found a runed translucent door.
 22511 | Gauntlet | Found a transporter.
 22514 | Gauntlet | Found a transporter.
 22522 | Gauntlet | Found a transporter.
 22525 | Gauntlet | Found a transporter.
 22679 | Gauntlet | You add the spells Summon Small Mammal, Hailstorm and
                  | Summon Hydra to your library.
 22679 | Gauntlet | Got the Incunabulum of Creative Snow
 22792 | Gauntlet | You pick up a book of the Warp and begin reading...
 22818 | Gauntlet | Identified the ring of the Flying Messenger {Int+3 Dex+6}
 23169 | Lair:4   | Reached skill level 12 in Axes
 23628 | Lair:5   | You pick up a book of Power and begin reading...
 23628 | Lair:5   | You add the spells Iskenderun's Battlesphere, Iron Shot and
                  | Spellforged Servitor to your library.
 23636 | Lair:5   | Learned a level 6 spell: Iron Shot
 24077 | Lair:5   | Found a staircase to the Slime Pits.
 24146 | Lair:5   | Identified a scroll of acquirement
 24147 | Lair:5   | Acquired a +4 broad axe of freezing
 24529 | Lair:6   | Entered Level 6 of the Lair of Beasts
 24593 | Lair:6   | Reached skill level 1 in Conjurations
 24611 | Lair:6   | Reached skill level 8 in Earth Magic
 24613 | Lair:6   | Reached skill level 8 in Transmutations
 24614 | Lair:6   | Reached skill level 1 in Shields
 24778 | Lair:6   | Reached XP level 15. HP: 96/169 MP: 22/22
 25027 | Lair:6   | Reached skill level 2 in Conjurations
 25172 | Lair:6   | Found a large runed translucent door.
 25186 | Lair:6   | Noticed Nessos
 25202 | Lair:6   | HP: 40/169 [lindwurm/blast of flame (15)]
 25203 | Lair:6   | Reached skill level 16 in Fighting
 25204 | Lair:6   | Reached skill level 2 in Shields
 25616 | Lair:6   | Found a large runed translucent door.
 25761 | Lair:6   | You pick up a book of the Spheres and begin reading...
 25761 | Lair:6   | You add the spells Fireball, Conjure Ball Lightning and Orb
                  | of Destruction to your library.
 25847 | Lair:6   | Killed Nessos
 26210 | Orc:1    | Entered Level 1 of the Orcish Mines
 26336 | Orc:1    | Noticed Snorg
 26348 | Orc:1    | Killed Snorg
 26381 | Orc:1    | HP: 41/170 [orc priest/divine providence[an orc knight]
                  | (10)]
 26517 | Orc:1    | Found a burning altar of Makhleb.
 26549 | Orc:1    | Reached skill level 3 in Conjurations
 26568 | Orc:1    | HP: 33/165 [soul eater[an orc high priest] (17)]
 26569 | Orc:1    | HP: 6/165 [soul eater/drain life[an orc high priest] (13)]
 26570 | Orc:1    | HP: 1/165 [soul eater[an orc high priest] (6)]
 26570 | Orc:1    | Slain by a soul eater

Vanquished Creatures
  Gastronok (Lair:3)
  Nessos (Lair:6)
  A minotaur (Gauntlet)
  Snorg (Orc:1)
  A fire dragon (Lair:6)
  Josephine (D:11)
  Harold (D:9)
  2 catoblepae (Lair:3)
  A boulder beetle (Lair:3)
  2 two-headed ogres (D:12)
  2 death yaks (Lair:3)
  Urug (Lair:3)
  A fire crab (Lair:3)
  Amaemon (Lair:3)
  A necromancer (Gauntlet)
  A lindwurm (Lair:6)
  An orc knight (Orc:1)
  A cyclops (D:10)
  7 elephants
  An orc sorcerer (Orc:1)
  An ugly thing (D:13)
  3 molten gargoyles (Lair:6)
  Maurice (D:9)
  9 black mambas
  A torpor snail (Lair:3)
  13 cane toads
  3 gargoyles
  An orange demon (Lair:3)
  Maggie (D:9)
  A freezing wraith (D:10)
  4 unseen horrors
  8 komodo dragons
  4 yaktaurs (D:12)
  7 rime drakes
  3 trolls
  A queen bee (Lair:2)
  5 polar bears
  A tyrant leech (Lair:3)
  3 meliai (Gauntlet)
  2 hornets (Gauntlet)
  Prince Ribbit (Lair:3)
  12 blink frogs
  Sigmund (D:3)
  6 wraiths (D:11)
  A vampire (D:10)
  21 wyverns
  11 basilisks
  31 yaks
  4 steam dragons
  7 vampire mosquitoes
  A swamp worm (Lair:3)
  An acid dragon (D:11)
  3 hell hounds (Lair:6)
  26 water moccasins
  6 orc warriors
  3 ice beasts
  2 sky beasts (D:8)
  5 ogres
  30 wolves
  14 centaurs
  A phantom (D:7)
  16 bullfrogs
  3 gnoll sergeants
  3 necrophages
  A scorpion (D:7)
  8 wights
  25 killer bees (Lair:2)
  2 electric eels
  5 howler monkeys
  5 lava snakes (Lair:6)
  2 hounds
  3 gnoll shamans
  2 jellies (Lair:5)
  11 orc priests
  3 iguanas
  5 hell rats (Lair:1)
  9 orc wizards
  30 gnolls
  12 adders
  2 river rats (Lair:2)
  A white imp (D:3)
  An ufetubus (D:5)
  2 worms
  6 dart slugs
  41 orcs
  9 ball pythons
  4 bats
  10 endoplasms
  13 giant cockroaches
  11 hobgoblins
  4 jackals (D:2)
  13 quokkas
  12 frilled lizards
  8 goblins
  8 kobolds
  9 rats
587 creatures vanquished.

Vanquished Creatures (collateral kills)
  Jorgrun (D:12)
1 creature vanquished.

Vanquished Creatures (others)
  A blink frog (Lair:3)
  2 yaks (D:9)
  An orc wizard (D:7)
  A bush (Lair:3)
  32 fungi
  72 plants
109 creatures vanquished.

Grand Total: 697 creatures vanquished

Table legend:
 A = Non-vault XP
 B = Vault XP
 C = Vault XP percentage of total XP
 D = Non-vault monster count
 E = Vault monster count
 F = Vault count percentage of total count
                 A         B        C        D         E       F
            +---------+---------+-------+---------+---------+-------
      Total |   47395 |   49785 |  51.2 |     392 |     212 |  35.1
            +---------+---------+-------+---------+---------+-------
        D:1 |      50 |       0 |   0.0 |      23 |       0 |   0.0
        D:2 |      65 |       0 |   0.0 |      22 |       0 |   0.0
        D:3 |      52 |     259 |  83.3 |      26 |       6 |  18.8
        D:4 |     179 |       0 |   0.0 |      15 |       0 |   0.0
        D:5 |     559 |     152 |  21.4 |      24 |       5 |  17.2
        D:6 |     513 |      88 |  14.6 |      19 |       1 |   5.0
        D:7 |    1660 |     171 |   9.3 |      27 |       3 |  10.0
        D:8 |    2111 |       0 |   0.0 |      20 |       0 |   0.0
        D:9 |    3153 |    2034 |  39.2 |      24 |       4 |  14.3
       D:10 |    2895 |    2317 |  44.5 |      21 |      11 |  34.4
       D:11 |    2850 |    4326 |  60.3 |      10 |      19 |  65.5
       D:12 |    4916 |    2657 |  35.1 |      28 |       2 |   6.7
       D:13 |     928 |       0 |   0.0 |       2 |       0 |   0.0
     Lair:1 |    3671 |       0 |   0.0 |      20 |       0 |   0.0
     Lair:2 |    4850 |    6164 |  56.0 |      21 |      46 |  68.7
     Lair:3 |    5846 |   17385 |  74.8 |      24 |      39 |  61.9
     Lair:4 |    4546 |       0 |   0.0 |      20 |       0 |   0.0
     Lair:5 |    1497 |      89 |   5.6 |       9 |       4 |  30.8
     Lair:6 |    4566 |    9069 |  66.5 |      14 |      29 |  67.4
      Orc:1 |    2488 |     939 |  27.4 |      23 |       1 |   4.2
      Sewer |       0 |     291 | 100.0 |       0 |      29 | 100.0
   Gauntlet |       0 |    3844 | 100.0 |       0 |      13 | 100.0
            +---------+---------+-------+---------+---------+-------

Illustrated notes

Table legend:
 A = Kills in this place as a percentage of kills in entire the game.
 B = Kills by you in this place as a percentage of kills by you in the entire game.
 C = Kills by friends in this place as a percentage of kills by friends in the entire game.
 D = Other kills in this place as a percentage of other kills in the entire game.
 E = Experience gained in this place as a percentage of experience gained in the entire game.
 F = Experience gained in this place divided by the number of levels of this place that you have seen.
                   A       B       C       D       E      F
               +-------+-------+-------+-------+-------+----------------------
         Total | 100.0 | 100.0 | 100.0 | 100.0 | 100.0 | 4225.2
       Dungeon |  51.7 |  51.4 | 100.0 |  56.2 |  32.9 | 2456.5
          Lair |  37.4 |  37.3 |   0.0 |  43.8 |  59.4 | 9613.8
  Orcish Mines |   4.0 |   4.1 |   0.0 |   0.0 |   3.5 | 3427.0
         Sewer |   4.8 |   4.9 |   0.0 |   0.0 |   0.3 | 291.0
      Gauntlet |   2.2 |   2.2 |   0.0 |   0.0 |   4.0 | 3844.0
               +-------+-------+-------+-------+-------+----------------------

Table legend: (Time is in decaauts)
 A = Elapsed time spent in this place.
 B = Non-inter-level travel time spent in this place.
 C = Inter-level travel time spent in this place.
 D = Time resting spent in this place.
 E = Time spent auto-exploring this place.
 F = Levels seen in this place.
 G = Mean time per level.
                   A        B        C        D        E       F      G
               +--------+--------+--------+--------+--------+-----+--------+
         Total |  27101 |  26383 |    718 |   5727 |  16088 |  23 | 1178.3 |
       Dungeon |  17760 |  17354 |    406 |   4505 |  10254 |  13 | 1366.2 |
          Lair |   7633 |   7322 |    311 |    967 |   4911 |   6 | 1272.2 |
  Orcish Mines |    366 |    366 |      0 |     17 |    248 |   1 |  366.0 |
         Abyss |      9 |      9 |      0 |      0 |      1 |   1 |    9.0 |
         Sewer |    797 |    797 |      0 |    147 |    395 |   1 |  797.0 |
      Gauntlet |    535 |    535 |      0 |     90 |    278 |   1 |  535.0 |
               +--------+--------+--------+--------+--------+-----+--------+

Top non-repeatable levels by time:
     D:9: 2104 daAuts
    D:12: 2079 daAuts
     D:7: 1893 daAuts
  Lair:3: 1866 daAuts
     D:5: 1539 daAuts
  Lair:6: 1531 daAuts
  Lair:2: 1506 daAuts
    D:11: 1487 daAuts
     D:1: 1478 daAuts
    D:10: 1451 daAuts
     D:8: 1363 daAuts
     D:6: 1360 daAuts
  Lair:1: 1085 daAuts
     D:3: 1006 daAuts
     D:4: 891 daAuts
